 Dungeon Crawl Stone Soup version 0.27-a0-46-g34d46f0a3f (console) character file.

Game seed: 6994873371241533475

243787 om the Marksminotaur (level 18, -3/169 HPs)
             Began as a Minotaur Berserker on Jan 6, 2021.
             Was the Champion of Trog.
             Slain by an entropy weaver (7 damage)
             ... on level 1 of the Vaults.
             The game lasted 01:33:00 (39914 turns).

om the Marksminotaur (Minotaur Berserker)          Turns: 39914, Time: 01:33:01

Health: -3/169     AC: 25    Str: 26    XL:     18   Next: 71%
Magic:  17/17      EV: 17    Int:  5    God:    Trog [******]
Gold:   2248       SH:  0    Dex: 16    Spells: 17/17 levels left

rFire    + . .     SeeInvis .   a - +5 lajatang (flame)
rCold    + . .     Faith    .   (shield currently unavailable)
rNeg     . . .     Spirit   .   Z - +0 plate armour of the Distant Future {rCorr Dex+3}
rPois    +         Reflect  .   (helmet restricted)
rElec    .         Harm     .   h - +0 cloak {rPois}
rCorr    +         Rampage  .   z - +2 pair of gloves {archery}
Will     +++..                  v - +1 pair of boots
Stlth    ..........             S - amulet of Vitality {Regen+ HP+15}
HPRegen  0.78/turn              d - ring of protection from fire
MPRegen  0.15/turn              T - ring of Wuonyepp {rC+ Will++}

@: berserk cooldown, slowed, very slow
A: retaliatory headbutt, horns 2
}: 2/15 runes: serpentine, barnacled
a: Renounce Religion, Berserk, Trog's Hand, Brothers in Arms


You were on level 1 of the Vaults.
You worshipped Trog.
Trog was exalted by your worship.
You visited 6 branches of the dungeon, and saw 31 of its levels.
You also visited: Gauntlet.

You collected 2596 gold pieces.
You spent 348 gold pieces at shops.

Inventory:

Hand Weapons
 a - a +5 lajatang of flaming (weapon)
 b - a +6 longbow of flaming
 t - the +11 spear of Gloom {antimagic, rC+ Will+ Str+3}
   (You took it off a minotaur in a Gauntlet)

   It reduces the magical energy of the wielder, and disrupts the spells and
   magical abilities of those hit.
   Natural abilities and divine invocations are not affected.
   It affects your strength (+3).
   It protects you from cold.
   It affects your willpower, your defense against some magical effects.
Missiles
 B - 559 arrows
Armour
 h - a +0 cloak of poison resistance (worn)
 v - a +1 pair of boots (worn)
 z - a +2 pair of gloves of archery (worn)
 Z - the +0 plate armour of the Distant Future (worn) {rCorr Dex+3}
   (You found it on level 3 of the Lair of Beasts)

   It affects your dexterity (+3).
   It provides partial protection from all sources of acid and corrosion.
Jewellery
 d - a ring of protection from fire (left hand)
 i - an uncursed amulet of the acrobat
 m - an uncursed ring of flight
 r - a +4 ring of evasion
 x - an uncursed ring of positive energy
 C - an uncursed ring of protection from fire
 L - a +6 ring of intelligence
 O - an uncursed ring of see invisible
 S - the amulet of Vitality (around neck) {Regen+ HP+15}
   (You found it in a Gauntlet)

   [amulet of regeneration]

   It affects your health (+15).
   It increases your rate of regeneration.
 T - the ring of Wuonyepp (right hand) {rC+ Will++}
   (You found it in a Gauntlet)

   [ring of protection from cold]

   It protects you from cold.
   It affects your willpower, your defense against some magical effects.
Wands
 j - a wand of digging (4)
 l - a wand of flame (71)
 p - a wand of paralysis (50)
 s - a wand of iceblast (23)
 w - a wand of polymorph (23)
 G - a wand of acid (30)
 V - a wand of random effects (24)
 X - a wand of disintegration (34)
Scrolls
 c - 4 scrolls of magic mapping
 f - 18 scrolls of remove curse
 g - 3 scrolls of fog
 k - 2 scrolls of blinking
 n - 3 scrolls of enchant armour
 o - 14 scrolls of teleportation
 D - 4 scrolls of identify
 H - 2 scrolls of fear
 M - 3 scrolls of silence
 P - a scroll of summoning
 R - a scroll of brand weapon
Potions
 e - 2 potions of berserk rage
 q - 11 potions of curing
 u - 2 potions of magic
 y - 4 potions of haste
 E - a potion of resistance
 F - 3 potions of flight
 I - a potion of ambrosia
 J - a potion of invisibility
 K - 4 potions of might
 W - 4 potions of heal wounds
Miscellaneous
 A - a phantom mirror
 Q - a phial of floods
 U - a condenser vane
 Y - a box of beasts


   Skills:
 - Level 12.0 Fighting
 - Level 12.3(13.5) Maces & Flails
 - Level 11.8(13.0) Polearms
 - Level 9.5(14.0) Staves
 - Level 20.0 Bows
 + Level 15.7 Armour
 + Level 15.2 Dodging
 - Level 10.0 Evocations


You had 17 spell levels left.
You didn't know any spells.
Your spell library was empty.

Dungeon Overview and Level Annotations

Branches:
Dungeon (15/15)            Temple (1/1) D:6            Lair (6/6) D:9
 Shoals (4/4) Lair:4        Snake (4/4) Lair:2        Slime (0/5) Lair:6
    Orc (0/2) D:11         Vaults (1/5) D:13         Depths (0/5) D:15
Gauntlet (visited)

Altars:
Ashenzari
Gozag
Ru
Trog
Wu Jian

Shops:
D:4 ?*}   D:11 (   Shoals:3 ?   Snake:2 }   Snake:4 ?(

Annotations:
D:14 exclusion: door


Innate Abilities, Weirdness & Mutations

You reflexively headbutt those who attack you in melee.
You have a pair of horns on your head.


Message History

The entropy weaver hits you but does no damage. x3
The entropy weaver hits you!
* * * LOW HITPOINT WARNING * * *
The tyrant leech misses you.
The stone giant hits you but does no damage.
You are too berserk!
You closely miss the tyrant leech.
The tyrant leech is severely wounded.
A deep elf mage opens the door.
You slash the entropy weaver! You burn the entropy weaver.
You headbutt the entropy weaver, but do no damage.
The entropy weaver is lightly wounded.
The runic seal fades away.
You are no longer berserk.
You are exhausted.
You feel yourself slow down.
The vault warden activates a sealing rune.
The doors slam shut!
The entropy weaver closely misses you. You furiously retaliate!
You headbutt the entropy weaver! The entropy weaver hits you!
You die...

......#....#..........#
......#..#....##..##.##
......#####..#..##..#.#
'###'## #..#(........#
......# #............#
......############'####
####..##..............#
...[..##..............#
...#(.##..'''''+++''..#
...#..##..'+++++w+''..#
...#..##..' +++B@++'..#
...#..##..' +.epCuT+..#
####..##..' +..WpBC+..#
......##..'++(.}pC++..#
......##..'++.?).+++..#
########..' +++++++'..#
#..'


+++++ '..# #..''''''''''..# #..............# #..............# ################
You could see a brown very ugly thing, 2 stone giants, a vault warden, a boulder
beetle (strong), an entropy weaver (strong), an ettin, a tyrant leech shaped
shifter, a deep troll, 2 ironbrand convokers, a freezing wraith (strong) and a
deep elf mage (strong).

Vanquished Creatures
  Gastronok (D:8)
  Polyphemus (Shoals:2)
  7 nagarajas (Snake:4)
  2 frost giants
  A vault warden (Vaults:1)
  Aizul (Snake:2)
  2 ironheart preservers (Vaults:1)
  A stone giant (Vaults:1)
  An entropy weaver (Vaults:1)
  A dire elephant (D:15)
  The ghost of Pinouros the Devastator, a journeyman DECj of Vehumet (Lair:5)
  A minotaur (Gauntlet)
  7 merfolk impalers
  A merfolk javelineer (Shoals:3)
  2 fire dragons
  A death ooze (Gauntlet)
  2 ogre magi
  The ghost of Jeban the Spear-Bearer, a journeyman OpFi of Gozag (Lair:5)
  2 great orbs of eyes (Vaults:1)
  16 naga warriors
  4 vault guards (D:13)
  3 alligator snapping turtles
  An ice dragon (Vaults:1)
  9 hydras
  A boulder beetle (D:14)
  5 centaur warriors
  A merfolk avatar (Shoals:4)
  11 anacondas
  2 merfolk aquamancers
  3 death yaks
  15 two-headed ogres
  2 satyrs (Shoals:3)
  3 catoblepae
  2 tengu warriors (D:15)
  A deep troll earth mage (Vaults:1)
  Sonja (D:11)
  10 naga sharpshooters
  Nergalle (D:11)
  7 shock serpents
  A wretched star (Gauntlet)
  3 salamander mystics
  6 skeletal warriors
  18 sea snakes
  2 deep trolls (Vaults:1)
  2 unseen horrors
  8 naga ritualists
  A wizard (Vaults:1)
  An ironbrand convoker (Vaults:1)
  9 harpies
  An orc knight (Vaults:1)
  A lindwurm (Lair:6)
  Pikel (D:8)
  12 fauns
  18 mana vipers
  3 oklob plants
  14 manticores
  2 deep elf magi
  6 salamanders
  3 elephants (Lair:5)
  10 guardian serpents
  6 merfolk sirens
  A water nymph (Shoals:1)
  40 black mambas
  3 molten gargoyles (Lair:6)
  2 vault sentinels (Vaults:1)
  3 gargoyles
  10 naga magi
  18 cane toads
  6 yaktaurs (Vaults:1)
  2 kobold demonologists
  2 torpor snails
  14 komodo dragons
  A harpy zombie (D:13)
  5 trolls
  2 wind drakes (Shoals:3)
  3 meliai (D:14)
  23 merfolk
  Grinder (D:4)
  A polar bear (shapeshifter) (D:14)
  2 polar bears (Lair:6)
  11 slime creatures
  11 snapping turtles
  11 blink frogs
  11 dream sheep
  3 hornets (Gauntlet)
  Sigmund (D:3)
  3 redbacks (Vaults:1)
  3 shadows
  10 water elementals
  3 vampires
  11 wyverns
  81 yaks
  10 basilisks
  7 hogs (D:14)
  A wraith (D:10)
  2 steam dragons (Lair:6)
  A small abomination (Gauntlet)
  A neqoxec (Gauntlet)
  3 soldier ants
  57 nagas
  3 hell hounds (Lair:6)
  22 water moccasins
  Duvessa (D:4)
  10 orc warriors
  3 black bears
  3 sky beasts
  5 phantoms
  An ice beast (D:7)
  An eye of draining (shapeshifter) (D:14)
  A hornet zombie (D:10)
  A necrophage (D:11)
  13 ogres
  15 wolves
  2 boggarts
  4 lemures (D:8)
  9 centaurs
  11 big kobolds
  22 bullfrogs
  A wyvern zombie (D:9)
  Dowan (D:4)
  5 scorpions
  9 killer bees
  12 wights
  3 electric eels
  A howler monkey (D:4)
  5 lava snakes (Lair:6)
  2 bullfrog zombies
  7 hounds
  2 quasits
  13 orc priests
  Crazy Yiuf (D:5)
  13 jellies
  19 orc wizards
  7 iguanas
  6 centaur skeletons
  4 worker ants
  A killer bee zombie (D:9)
  2 hound zombies
  A hound skeleton (D:6)
  A howler monkey skeleton (D:9)
  12 adders
  3 white imps
  2 ufetubi
  An adder zombie (D:8)
  5 oozes
  2 worms
  A dart slug (D:3)
  A leopard gecko (D:6)
  41 orcs
  6 bats
  3 giant cockroaches
  8 goblins
  7 hobgoblins
  10 jackals
  4 quokkas
  4 ball pythons (Snake:3)
  7 frilled lizards
  A giant cockroach zombie (D:6)
  A jackal zombie (D:9)
  28 kobolds
  6 rats
1038 creatures vanquished.

Vanquished Creatures (collateral kills)
  A nagaraja (Snake:4)
  A deep elf sorcerer (Vaults:1)
  An ironheart preserver (Vaults:1)
  A deep elf annihilator (D:14)
  A merfolk aquamancer (Shoals:2)
  3 two-headed ogres (Vaults:1)
  An ogre mage (Vaults:1)
  A deep troll (D:14)
  3 deep elf archers (Vaults:1)
  A deep elf mage (Vaults:1)
  2 water elementals (Shoals:2)
  An orc warrior (Vaults:1)
17 creatures vanquished.

Vanquished Creatures (others)
  Kirke (D:13)
  A mana viper (Snake:4)
  A centaur (D:12)
  21 fungi
  68 plants
  8 toadstools (D:5)
100 creatures vanquished.

Grand Total: 1155 creatures vanquished

Notes
Turn   | Place    | Note
-------+----------+-------------------------------------------
     0 | D:1      | om the Minotaur Berserker began the quest for the Orb.
     0 | D:1      | Reached XP level 1. HP: 19/19 MP: 0/0
   151 | D:1      | Reached XP level 2. HP: 27/27 MP: 1/1
   818 | D:2      | Reached XP level 3. HP: 33/33 MP: 2/2
  1097 | D:2      | Reached ** piety under Trog
  1260 | D:2      | Noticed a sky beast
  1280 | D:2      | Killed a sky beast
  1281 | D:2      | Reached XP level 4. HP: 40/40 MP: 3/3
  1281 | D:2      | Reached XP level 5. HP: 46/46 MP: 4/4
  1460 | D:2      | Reached skill level 5 in Maces & Flails
  1682 | D:3      | Found an ornate altar of the Wu Jian Council.
  1782 | D:3      | Found an ornate altar of the Wu Jian Council.
  2018 | D:3      | Noticed Sigmund
  2023 | D:3      | Killed Sigmund
  2024 | D:3      | Reached XP level 6. HP: 53/53 MP: 5/5
  2198 | D:3      | Reached skill level 5 in Armour
  2571 | D:4      | Reached XP level 7. HP: 60/60 MP: 6/6
  2583 | D:4      | Reached skill level 5 in Fighting
  2583 | D:4      | Reached skill level 5 in Dodging
  2655 | D:4      | Reached *** piety under Trog
  3033 | D:4      | Found Tueboqir's Magic Scroll Shop.
  3038 | D:4      | Bought a scroll of blinking for 75 gold pieces
  3038 | D:4      | Bought a scroll of fog for 20 gold pieces
  3038 | D:4      | Bought a scroll of teleportation for 30 gold pieces
  3038 | D:4      | Bought a scroll of noise for 10 gold pieces
  3104 | D:4      | Found Irihialoz's Assorted Antiques.
  3173 | D:4      | Found Inkiarag's Gadget Shoppe.
  3173 | D:4      | Noticed Grinder
  3180 | D:4      | Killed Grinder
  3259 | D:4      | Noticed Dowan
  3260 | D:4      | Noticed Duvessa
  3280 | D:4      | Killed Duvessa
  3281 | D:4      | Reached XP level 8. HP: 69/69 MP: 7/7
  3283 | D:4      | Killed Dowan
  3499 | D:5      | Entered Level 5 of the Dungeon
  3647 | D:5      | Found a runed translucent door.
  3648 | D:5      | Noticed Crazy Yiuf
  3689 | D:5      | Killed Crazy Yiuf
  3985 | D:5      | Noticed a slime creature
  3985 | D:5      | Noticed a slime creature
  3998 | D:5      | Killed a slime creature
  4003 | D:5      | Killed a slime creature
  4011 | D:5      | Reached XP level 9. HP: 43/75 MP: 8/8
  4408 | D:4      | Bought a glowing whip for 165 gold pieces
  4766 | D:6      | Found a staircase to the Ecumenical Temple.
  4775 | Temple   | Entered the Ecumenical Temple
  5322 | D:7      | Reached **** piety under Trog
  5483 | D:7      | Reached skill level 1 in Evocations
  6135 | D:8      | Noticed a two-headed ogre
  6147 | D:8      | Killed a two-headed ogre
  6151 | D:8      | Reached XP level 10. HP: 84/84 MP: 9/9
  6305 | D:8      | Reached skill level 10 in Maces & Flails
  6463 | D:8      | Noticed Pikel
  6475 | D:8      | Killed Pikel
  6833 | D:8      | Noticed Gastronok
  6848 | D:8      | Killed Gastronok
  6849 | D:8      | Reached skill level 10 in Armour
  7164 | D:9      | Reached XP level 11. HP: 92/92 MP: 10/10
  7173 | D:9      | Reached ***** piety under Trog
  7473 | D:9      | Noticed Maggie
  7523 | D:9      | Reached skill level 10 in Dodging
  7524 | D:9      | Noticed Maggie
  7524 | D:9      | Maggie changed into Maggie the hobgoblin
  7524 | D:9      | Killed Maggie the hobgoblin
  7607 | D:9      | Found a staircase to the Lair.
  7842 | D:10     | Entered Level 10 of the Dungeon
  7858 | D:10     | Reached skill level 5 in Evocations
  8786 | D:10     | Reached skill level 1 in Bows
  9140 | D:11     | Found a staircase to the Orcish Mines.
  9239 | D:11     | Noticed Nergalle
  9265 | D:11     | Killed Nergalle
  9266 | D:11     | Reached skill level 2 in Bows
  9564 | D:11     | Reached skill level 3 in Bows
  9703 | D:11     | Received a gift from Trog
  9916 | D:11     | Found Vaofu's Weapon Shop.
 10056 | D:11     | Reached skill level 4 in Bows
 10128 | D:11     | Noticed Sonja
 10136 | D:11     | Killed an unseen horror
 10141 | D:11     | Killed Sonja
 10142 | D:11     | Reached XP level 12. HP: 101/101 MP: 3/11
 10224 | D:11     | Reached skill level 5 in Bows
 10388 | D:12     | Noticed a two-headed ogre
 10420 | D:12     | Killed a two-headed ogre
 10669 | D:12     | Reached skill level 6 in Bows
 10802 | D:12     | Noticed a six-headed hydra
 10807 | D:12     | Killed a six-headed hydra
 10936 | D:12     | Noticed a two-headed ogre
 10941 | D:12     | Killed a two-headed ogre
 10942 | D:12     | Reached skill level 7 in Bows
 11857 | D:13     | Reached skill level 8 in Bows
 11882 | D:13     | Noticed a two-headed ogre
 11931 | D:13     | Killed a two-headed ogre
 12109 | D:13     | Reached skill level 9 in Bows
 12199 | D:13     | Noticed a centaur warrior
 12200 | D:13     | Noticed a vault guard
 12204 | D:13     | Noticed a centaur warrior
 12205 | D:13     | Noticed a vault guard
 12208 | D:13     | Noticed a vault guard
 12209 | D:13     | Noticed a vault guard
 12342 | D:13     | Killed a vault guard
 12348 | D:13     | Killed a vault guard
 12349 | D:13     | Reached skill level 10 in Bows
 12488 | D:13     | Killed a vault guard
 12501 | D:13     | Killed a centaur warrior
 12604 | D:13     | Killed a vault guard
 12604 | D:13     | Received a gift from Trog
 12605 | D:13     | Reached skill level 11 in Bows
 12684 | D:13     | Found a gate to the Vaults.
 13031 | D:13     | Reached XP level 13. HP: 107/107 MP: 12/12
 13154 | D:13     | Reached skill level 12 in Bows
 13560 | D:13     | Found an opulent altar of Gozag.
 14320 | D:14     | Reached skill level 13 in Bows
 14323 | D:14     | Noticed Kirke
 14354 | D:13     | Killed Kirke
 14879 | D:14     | Found a broken altar of Ashenzari.
 14987 | D:14     | Reached skill level 14 in Bows
 15061 | D:14     | Noticed a deep elf annihilator
 15251 | D:14     | Killed a deep elf annihilator
 16072 | Lair:1   | Entered Level 1 of the Lair of Beasts
 16185 | Lair:1   | Received a gift from Trog
 16465 | Lair:1   | Reached skill level 1 in Staves
 16581 | Lair:1   | Found an opulent altar of Gozag.
 17230 | Lair:2   | Reached skill level 10 in Fighting
 17238 | Lair:2   | Reached XP level 14. HP: 50/121 MP: 13/13
 17261 | Lair:2   | Found a gate leading to a gauntlet.
 17268 | Gauntlet | Entered a Gauntlet
 17268 | Gauntlet | Found a transporter.
 17268 | Gauntlet | Found a transporter.
 17494 | Gauntlet | Found a transporter.
 17512 | Gauntlet | Found a transporter.
 17512 | Gauntlet | Found a transporter.
 17514 | Gauntlet | Found a transporter.
 17514 | Gauntlet | Found a transporter.
 17515 | Gauntlet | Found a transporter.
 17526 | Gauntlet | Found a transporter.
 17542 | Gauntlet | Found a transporter.
 17552 | Gauntlet | Found a transporter.
 17566 | Gauntlet | Found a transporter.
 17582 | Gauntlet | Found the amulet of Vitality {Regen+ HP+15}
 17586 | Gauntlet | Found a transporter.
 17587 | Gauntlet | Found a runed translucent door.
 17598 | Gauntlet | Found a transporter.
 17792 | Gauntlet | Reached skill level 5 in Staves
 17838 | Gauntlet | Got a dazzling hand crossbow
 17857 | Gauntlet | Lost intelligence.
 18634 | Gauntlet | Got a scintillating platinum ring
 18637 | Gauntlet | Identified the ring of Wuonyepp {rC+ Will++} (You found it
                  | in a Gauntlet)
 18861 | Gauntlet | Identified the +11 spear of Gloom {antimagic, rC+ Will+
                  | Str+3}
 18912 | Gauntlet | Identified Sif Muna's Almanac of the Ashen Volcanoes
 19354 | Lair:2   | Reached skill level 1 in Polearms
 19833 | Lair:2   | Found a staircase to the Snake Pit.
 20020 | Snake:1  | Entered Level 1 of the Snake Pit
 20481 | Lair:2   | Reached skill level 5 in Polearms
 21258 | Lair:3   | Got a dazzling plate armour
 21447 | D:14     | Identified the cursed +0 plate armour of the Distant Future
                  | {rCorr Dex+3} (You found it on level 3 of the Lair of
                  | Beasts)
 21592 | D:15     | Entered Level 15 of the Dungeon
 21925 | D:15     | Received a gift from Trog
 22153 | D:15     | Found a sacrificial altar of Ru.
 22179 | D:15     | Reached skill level 10 in Polearms
 22351 | D:15     | Found a staircase to the Depths.
 23632 | Lair:4   | Identified a scroll of acquirement
 23633 | Lair:4   | Acquired a +2 longbow of flaming
 23908 | Lair:4   | Found a staircase to the Shoals.
 23915 | Lair:4   | Received a gift from Trog
 24453 | Lair:5   | Found a runed translucent gate.
 24453 | Lair:5   | Found a runed translucent gate.
 24453 | Lair:5   | Found a runed translucent gate.
 24453 | Lair:5   | Noticed Pinouros's ghost (journeyman DECj)
 24454 | Lair:5   | Noticed Jeban's ghost (journeyman OpFi)
 24523 | Lair:5   | Killed Jeban's ghost
 24524 | Lair:5   | Reached XP level 15. HP: 126/126 MP: 4/14
 24535 | Lair:5   | Killed Pinouros's ghost
 24742 | Lair:5   | Found a bloodstained altar of Trog.
 25453 | Lair:6   | Entered Level 6 of the Lair of Beasts
 25477 | Lair:6   | Found a staircase to the Slime Pits.
 25707 | Lair:6   | Reached skill level 15 in Bows
 26009 | Lair:6   | Reached ****** piety under Trog
 26298 | Lair:6   | Found a large runed translucent door.
 26298 | Lair:6   | Found a large runed translucent door.
 26742 | Lair:6   | Reached skill level 16 in Bows
 27091 | Snake:1  | Received a gift from Trog
 27158 | Snake:1  | Got a dazzling dire flail {god gift}
 27159 | Snake:1  | Identified the +2 dire flail of Vigeworof {flame, *Corrode
                  | rElec Int+4 Dex+3} (Trog gifted it to you on level 1 of the
                  | Snake Pit)
 27513 | Snake:1  | Reached skill level 17 in Bows
 28116 | Snake:1  | Reached XP level 16. HP: 134/134 MP: 15/15
 28416 | Snake:2  | Found Asiabbet's Gadget Boutique.
 28989 | Snake:2  | Noticed Aizul
 29011 | Snake:2  | Killed Aizul
 30027 | Snake:3  | Reached skill level 18 in Bows
 30464 | Snake:4  | Entered Level 4 of the Snake Pit
 30517 | Snake:4  | Received a gift from Trog
 30914 | Snake:4  | Found Xutaomy's Antique Weapon Emporium.
 30914 | Snake:4  | Found Palytz's Magic Scroll Shoppe.
 31333 | Snake:4  | Reached skill level 10 in Evocations
 31343 | Snake:4  | Reached skill level 19 in Bows
 31394 | Snake:4  | Reached XP level 17. HP: 128/140 MP: 16/16
 31403 | Snake:4  | Received a gift from Trog
 31404 | Snake:4  | Got an ichor-stained dire flail {god gift}
 31405 | Snake:4  | Lost intelligence.
 31405 | Snake:4  | Identified the +4 dire flail "Ybboosel" {antimagic, rF+ rN+
                  | Int-4} (Trog gifted it to you on level 4 of the Snake Pit)
 32189 | Snake:4  | Reached skill level 20 in Bows
 32658 | Snake:4  | Got a serpentine rune of Zot
 32749 | Snake:4  | Received a gift from Trog
 33271 | Shoals:1 | Entered Level 1 of the Shoals
 33712 | Shoals:1 | You fall into a shaft and drop 1 floor!
 33712 | Shoals:2 | Noticed Polyphemus
 34659 | Shoals:2 | Killed Polyphemus
 35532 | Shoals:3 | Found Bifuexux's Magic Scroll Emporium.
 35757 | Shoals:3 | Bought a scroll of teleportation for 48 gold pieces
 36339 | Shoals:3 | Reached XP level 18. HP: 147/154 MP: 17/17
 36358 | Shoals:3 | Received a gift from Trog
 36685 | Shoals:4 | Entered Level 4 of the Shoals
 37239 | Shoals:4 | HP: 7/169 [merfolk impaler/+3 trident of freezing (17)]
 37248 | Shoals:4 | HP: 4/169 [merfolk impaler/+0 demon trident of freezing
                  | (12)]
 37549 | Shoals:4 | Got a barnacled rune of Zot
 37883 | Vaults:1 | Entered Level 1 of the Vaults
 38116 | Vaults:1 | Received a gift from Trog
 38198 | Vaults:1 | Reached skill level 15 in Armour
 38355 | Vaults:1 | Found a huge runed gate.
 38355 | Vaults:1 | Found a huge runed gate.
 38355 | Vaults:1 | Found a huge runed gate.
 38357 | Vaults:1 | Found a huge runed gate.
 38358 | Vaults:1 | Found a huge runed gate.
 38359 | Vaults:1 | Found a huge runed gate.
 38359 | Vaults:1 | Found a huge runed gate.
 38359 | Vaults:1 | Found a huge runed gate.
 38359 | Vaults:1 | Found a huge runed gate.
 38359 | Vaults:1 | Found a huge runed gate.
 38361 | Vaults:1 | Found a huge runed gate.
 38361 | Vaults:1 | Found a huge runed gate.
 38361 | Vaults:1 | Found a huge runed gate.
 38361 | Vaults:1 | Found a huge runed gate.
 38361 | Vaults:1 | Found a huge runed gate.
 38361 | Vaults:1 | Found a huge runed gate.
 38362 | Vaults:1 | Found a huge runed gate.
 38363 | Vaults:1 | Found a huge runed gate.
 38364 | Vaults:1 | Found a huge runed gate.
 38372 | Vaults:1 | Found a huge runed gate.
 38372 | Vaults:1 | Found a huge runed gate.
 38372 | Vaults:1 | Found a huge runed gate.
 38372 | Vaults:1 | Found a huge runed gate.
 38372 | Vaults:1 | Found a huge runed gate.
 38372 | Vaults:1 | Found a huge runed gate.
 38372 | Vaults:1 | Found a huge runed gate.
 38373 | Vaults:1 | Found a huge runed gate.
 38374 | Vaults:1 | Found a huge runed gate.
 38382 | Vaults:1 | Found a huge runed gate.
 38382 | Vaults:1 | Found a huge runed gate.
 38382 | Vaults:1 | Found a huge runed gate.
 38382 | Vaults:1 | Found a huge runed gate.
 38382 | Vaults:1 | Found a huge runed gate.
 38382 | Vaults:1 | Found a huge runed gate.
 38382 | Vaults:1 | Found a huge runed gate.
 38383 | Vaults:1 | Found a huge runed gate.
 39220 | Vaults:1 | Reached skill level 15 in Dodging
 39912 | Vaults:1 | HP: 6/253 [entropy weaver (10)]
 39914 | Vaults:1 | Slain by an entropy weaver

Illustrated notes

Levels and vault maps discovered:
D:1:      wheals_arrival_shading, layout_loops_ring
D:2:      layout_loops_ring
D:3:      layout_basic, nzn_wu_jian_contemplation, kennysheep_flooded_box,
          uniq_sigmund
D:4:      layout_loops_ring, serial_forest, infiniplex_forest_end_3,
          infiniplex_forest_end_3, infiniplex_forest_straight_2,
          infiniplex_forest_straight_3, infiniplex_forest_clump_curved,
          infiniplex_forest_straight_3, infiniplex_forest_lined_room_3,
          serial_shops, shop, nicolae_shop_stone, shop_coins,
          minmay_manual_macuahuitl, uniq_grinder, uniq_duvessa
D:5:      cheibrodos_fertilizer, layout_loops_ring, uniq_crazy_yiuf_cottage
D:6:      layout_gridville, lemuel_temple_firewalk_a
D:7:      layout_cave_pods
D:8:      layout_loops_cross, grunt_ministairs_7, uniq_pikel, uniq_gastronok
D:9:      layout_basic, lair_entry_dummy, uniq_maggie
D:10:     layout_roguey, minmay_chambers_of_fives
D:11:     layout_roguey, serial_shops, kennysheep_little_box, uniq_nergalle,
          uniq_sonja
D:12:     layout_basic
D:13:     layout_irregular_city, lightli_vaults_fourway_checkpoint,
          grunt_gozag_breadcrumbs
D:14:     layout_rooms, basic_altar, nicolae_wwwww, minmay_evil_grid, uniq_kirke
D:15:     hangedman_depths_entry_try_elsewhere_first, layout_cave_pods,
          nicolae_ru_awakened_eye
Temple:   roderic_octagonal_lattice_temple
Lair:1:   layout_chaotic_city, serial_rivers, chequers_serial_rivers_micro_c,
          chequers_serial_rivers_small_3, chequers_serial_rivers_large_b,
          chequers_serial_rivers_small_3, chequers_serial_rivers_small_b,
          chequers_serial_rivers_small_3, basic_altar, minmay_lair_oklob_chamber
Lair:2:   layout_regular_city, minmay_snake_entry_guardpost_large,
          gauntlet_entry_generic, grunt_megastairs_3
Lair:3:   layout_cave_pods, grunt_megastairs_2, lemuel_fruit_fields,
          infiniplex_staircase_pool
Lair:4:   layout_regular_city, minmay_shoals_entry_centaurs
Lair:5:   layout_concentric_octagons, basic_altar, gammafunk_ghost_cemetery
Lair:6:   cheibrodos_lair_end_hotspot, layout_loops_ring,
          minmay_slime_entry_pillars
Shoals:1: argonaut_golden_fleece, layout_shoals
Shoals:2: layout_shoals, uniq_polyphemus
Shoals:3: layout_shoals, serial_shops, shop
Shoals:4: shoals_end_grunt_ice, layout_shoals, shoals_ilsuiw_alternative,
          nzn_prometheus_bound
Snake:1:  layout_rooms
Snake:2:  layout_layer_cave, serial_shops, shop_statue, uniq_aizul
Snake:3:  layout_rooms, serial_bayou_pond_d, st_stairs_14, drop_trap,
          nicolae_snake_springs
Snake:4:  johnstein_snake_rune_scales, layout_gridlike, drop_trap,
          minmay_shoptagon, serial_bayou_shore_a, lemuel_fruit_tree
Vaults:1: nicolae_vaults_hallways_thing, v_misc_5, vaults_mumra_minichess,
          nicolae_vaults_mini_display_case, v_misc_28, hangedman_vaults_stream,
          vaults_door_vault, v_misc_9, ontoclasm_vaults_misaligned,
          nicolae_vaults_little_squares_1, vaults_room_semicircle,
          vaults_dpeg_diagonal, layout_vaults_ring

Skill      XL: |  1  2  3  4  5  6  7  8  9 10 11 12 13 14 15 16 17 18 |
---------------+-------------------------------------------------------+-----
Maces & Flails | 4 5 6 7 8 9 11 12 | 12.3
Armour         | 3 4 5 6 8 9 10 12 13 15 | 15.7
Dodging        | 3 4 5 7 8 9 11 12 13 15 | 15.2
Fighting       | 4 5 6 7 8 10 12 | 12.0
Evocations     | 2 4 6 10 | 10.0
Bows           | 4 11 14 17 19 20 | 20.0
Staves         | 4 7 9 |  9.5
Polearms       | 11 | 11.8

Action                   |  1- 3 |  4- 6 |  7- 9 | 10-12 | 13-15 | 16-18 || total
-------------------------+-------+-------+-------+-------+-------+-------++-------
Melee: Mace              |    65 |    80 |   134 |       |       |       ||   279
       Headbutt          |     6 |    10 |    52 |   155 |   339 |   160 ||   722
       Whip              |       |       |   121 |   493 |       |       ||   614
       Dire flail        |       |       |       |   209 |   158 |       ||   367
       Lajatang          |       |       |       |       |   137 |   529 ||   666
       Shortbow          |       |       |       |       |     2 |       ||     2
       Spear             |       |       |       |       |   931 |    60 ||   991
 Fire: Shortbow          |       |       |       |   139 |   239 |       ||   378
       Longbow           |       |       |       |       |    74 |   832 ||   906
Invok: Berserk           |     2 |     2 |     8 |    19 |    16 |     9 ||    56
       Brothers in Arms  |       |       |       |       |     1 |     5 ||     6
       Trog's Hand       |       |       |       |       |     2 |     3 ||     5
Evoke: Wand              |       |       |       |     3 |       |     3 ||     6
  Use: Scroll            |     3 |       |     8 |     9 |    11 |    21 ||    52
       Potion            |       |       |       |     1 |       |     3 ||     4
 Stab: Paralysed         |       |       |       |     3 |       |       ||     3
Armor: Animal skin       |     6 |       |       |       |       |       ||     6
       Plate armour      |    15 |    31 |    98 |   223 |   516 |   405 ||  1288
Dodge: Dodged            |    48 |    48 |   172 |   530 |   831 |   616 ||  2245

Table legend: (Time is in decaauts)
 A = Elapsed time spent in this place.
 B = Non-inter-level travel time spent in this place.
 C = Inter-level travel time spent in this place.
 D = Time resting spent in this place.
 E = Time spent auto-exploring this place.
 F = Levels seen in this place.
 G = Mean time per level.
                   A        B        C        D        E       F      G
               +--------+--------+--------+--------+--------+-----+--------+
         Total |  39385 |  36706 |   2679 |   9100 |  20665 |  32 | 1230.8 |
       Dungeon |  17579 |  15893 |   1686 |   2603 |  10111 |  15 | 1171.9 |
        Temple |      1 |      1 |      0 |      0 |      0 |   1 |    1.0 |
          Lair |   7208 |   6675 |    533 |   1036 |   4535 |   6 | 1201.3 |
        Shoals |   4552 |   4278 |    274 |   1512 |   1944 |   4 | 1138.0 |
     Snake Pit |   5919 |   5735 |    184 |   1588 |   2919 |   4 | 1479.8 |
        Vaults |   1987 |   1987 |      0 |    694 |    985 |   1 | 1987.0 |
      Gauntlet |   2136 |   2136 |      0 |   1664 |    170 |   1 | 2136.0 |
               +--------+--------+--------+--------+--------+-----+--------+

Top non-repeatable levels by time:
    D:13: 2366 daAuts
 Snake:4: 2327 daAuts
Gauntlet: 2136 daAuts
Vaults:1: 1987 daAuts
    D:14: 1960 daAuts
  Lair:2: 1840 daAuts
Shoals:3: 1534 daAuts
    D:11: 1473 daAuts
  Lair:6: 1426 daAuts
Shoals:1: 1424 daAuts
 Snake:2: 1362 daAuts
    D:12: 1323 daAuts
Shoals:2: 1199 daAuts
  Lair:1: 1126 daAuts
 Snake:1: 1123 daAuts
